 Dungeon Crawl Stone Soup version 0.30-a0-782-ge64f9170bb (webtiles) character file.

Game seed: 14247150254966883717

182 Drevant2 the Slasher (level 5, -6/43 HPs)
             Began as a Gnoll Reaver on Feb 20, 2023.
             Was an Initiate of Ashenzari.
             Mangled by Crazy Yiuf
             ... wielding a +4 quarterstaff of chaos
              (9 damage)
             ... on level 2 of the Dungeon.
             The game lasted 00:06:07 (2677 turns).

Drevant2 the Slasher (Gnoll Reaver)                 Turns: 2677, Time: 00:06:08

Health: -6/43      AC:  3    Str: 12    XL:     5   Next: 61%
Magic:  12/12      EV: 13    Int: 12    God:    Ashenzari [......]
Gold:   140        SH:  0    Dex: 12    Spells: 10/14 levels left

rFire   . . .      SeeInvis .    a - +0 falchion
rCold   . . .      Faith    .    (no shield)
rNeg    . . .      Spirit   .    b - +0 leather armour
rPois   .          Reflect  .    (no helmet)
rElec   .          Harm     .    (no cloak)
rCorr   .          Rampage  .    (no gloves)
Will    .....                    (no boots)
Stlth   +                        (no amulet)
HPRegen 0.27/turn                (no ring)
MPRegen 0.13/turn                (no ring)

@: no status effects
A: fangs 1, strong nose, distributed training
a: Renounce Religion


You were on level 2 of the Dungeon.
You worshipped Ashenzari.
Ashenzari was noncommittal.
You visited 1 branch of the dungeon, and saw 3 of its levels.

You collected 140 gold pieces.

Inventory:

Hand Weapons
 a - a +0 falchion (weapon)
 n - a +2 dagger of venom
Armour
 b - a +0 leather armour (worn)
Jewellery
 g - a ring of willpower
Wands
 o - a wand of digging (5)
 s - a wand of polymorph (5)
Scrolls
 c - a scroll of magic mapping {unknown}
 d - a scroll of fog {unknown}
 e - 2 scrolls of blinking {unknown}
 f - 2 scrolls of immolation {unknown}
 h - a scroll of butterflies {unknown}
 i - 3 scrolls of noise {unknown}
 k - a scroll of fear {unknown}
 l - a scroll of identify {unknown}
 q - a scroll of teleportation {unknown}
 r - a scroll of enchant armour {unknown}
Potions
 j - a potion of heal wounds {unknown}
 m - a potion of invisibility {unknown}
 p - a potion of curing {unknown}


   Skills:
 + Level 4.8 Fighting
 + Level 1.6 Short Blades
 + Level 6.7 Long Blades
 + Level 1.6 Axes
 + Level 1.6 Maces & Flails
 + Level 1.6 Polearms
 + Level 1.6 Staves
 + Level 1.6 Ranged Weapons
 + Level 1.6 Throwing
 + Level 1.6 Armour
 + Level 4.8 Dodging
 + Level 1.6 Stealth
 + Level 1.6 Shields
 + Level 1.6 Unarmed Combat
 + Level 5.2 Spellcasting
 + Level 5.6 Conjurations
 + Level 1.3 Hexes
 + Level 1.3 Summonings
 + Level 1.3 Necromancy
 + Level 1.3 Translocations
 + Level 1.3 Transmutations
 + Level 1.3 Fire Magic
 + Level 1.3 Ice Magic
 + Level 1.3 Air Magic
 + Level 1.3 Earth Magic
 + Level 1.3 Poison Magic
 + Level 1.8 Invocations
 + Level 1.6 Evocations


You had 10 spell levels left.
You knew the following spells:

 Your Spells              Type           Power      Damage    Failure   Level
a - Kiss of Death         Conj/Necr      44%        2d8       6%          1
b - Hailstorm             Conj/Ice       11%        3d5       19%         3

Your spell library contained the following spells:

 Spells                   Type           Power      Damage    Failure   Level
 Momentum Strike          Conj/Tloc      22%        3d8       9%          2
 Sandblast                Erth           12%        2d6       14%         1
 Stone Arrow              Conj/Erth      22%        3d8       19%         3
 Passwall                 Tmut/Erth      5%         N/A       22%         2
 Ozocubu's Armour         Ice            6%         N/A       41%         3
 Ozocubu's Refrigeration  Ice            3%         4d8       100%        7


Dungeon Overview and Level Annotations

Branches:
Dungeon (3/15)

Altars:
Ashenzari
Hepliaklqana
Okawaru
Vehumet

Annotations:
D:2 Crazy Yiuf, Sigmund


Innate Abilities, Weirdness & Mutations

You have very sharp teeth.
Your uncanny sense of smell can sniff out nearby items.
Your experience applies equally to all skills.


Message History

Crazy Yiuf shouts!
Crazy Yiuf laughs, "Sif Muna!"
Crazy Yiuf says, "Two!
Race disdain verde."
A ball python comes into view.
The ball python hisses angrily.
You barely miss the ball python.
The ball python bites you but does no damage.
The ball python barely misses you.
You barely miss the ball python. The ball python closely misses you.
The ball python grabs you. The ball python constricts you.
You hit the ball python but do no damage.
The ball python bites you. The ball python constricts you.
The ball python bites you. The ball python constricts you.
You hit the ball python.
The ball python is severely wounded.
The ball python bites you. The ball python constricts you.
You hit the ball python.
You kill the ball python!
No target in view!
No target in view!
HP restored.
You open the door. You hit Crazy Yiuf but do no damage.
Crazy Yiuf hits you with a +4 quarterstaff of chaos!
Crazy Yiuf freezes you!
* * * LOW HITPOINT WARNING * * *
You hit Crazy Yiuf. You bite Crazy Yiuf, but do no damage.
Crazy Yiuf is moderately wounded.
Crazy Yiuf grits, "Ghoul high tired!"
Crazy Yiuf closely misses you.
You closely miss Crazy Yiuf. Your bite misses Crazy Yiuf.
Crazy Yiuf is moderately wounded.
Crazy Yiuf hits you with a +4 quarterstaff of chaos!
* * * LOW HITPOINT WARNING * * *
Crazy Yiuf freezes you.
* * * LOW HITPOINT WARNING * * *
You slash Crazy Yiuf!
Crazy Yiuf is almost dead.
Crazy Yiuf hits you with a +4 quarterstaff of chaos!
You die...

#....#
##.
#†#
##..##
. #.#
#....#
# ..#
#...##
..#
##.##
....
#.##
.#.. ∆
##.#
#.#..
#.##
##@#
#g#
...
#...#
#..)#
##
#####
.. # #
#


You could see Crazy Yiuf.

Vanquished Creatures
  Ijyb (D:3)
  Natasha (D:2)
  A gnoll (D:1)
  3 adders
  An ufetubus (D:3)
  2 worms
  2 dart slugs
  9 endoplasms
  4 giant cockroaches
  15 goblins
  4 hobgoblins
  7 jackals
  4 kobolds
  2 quokkas (D:1)
  5 ball pythons
  A bat (D:1)
  3 frilled lizards (D:1)
  9 rats
74 creatures vanquished.

Notes
Turn   | Place    | Note
-------+----------+-------------------------------------------
     0 | D:1      | Drevant2 the Gnoll Reaver began the quest for the Orb.
     0 | D:1      | Reached XP level 1. HP: 20/20 MP: 6/6
     1 | D:1      | Found a runed translucent door.
    84 | D:1      | Reached XP level 2. HP: 26/26 MP: 7/7
   265 | D:1      | Reached skill level 5 in Spellcasting
   265 | D:1      | Reached XP level 3. HP: 31/31 MP: 7/9
   350 | D:1      | Reached skill level 1 in Invocations
   459 | D:1      | Learned a level 3 spell: Hailstorm
   512 | D:1      | Reached skill level 1 in Short Blades
   512 | D:1      | Reached skill level 1 in Axes
   512 | D:1      | Reached skill level 1 in Maces & Flails
   512 | D:1      | Reached skill level 1 in Polearms
   512 | D:1      | Reached skill level 1 in Staves
   512 | D:1      | Reached skill level 1 in Ranged Weapons
   512 | D:1      | Reached skill level 1 in Throwing
   512 | D:1      | Reached skill level 1 in Armour
   512 | D:1      | Reached skill level 1 in Stealth
   512 | D:1      | Reached skill level 1 in Shields
   512 | D:1      | Reached skill level 1 in Unarmed Combat
   512 | D:1      | Reached skill level 1 in Evocations
   719 | D:2      | Noticed Natasha
   730 | D:2      | Killed Natasha
   731 | D:2      | Reached XP level 4. HP: 32/38 MP: 11/11
   760 | D:2      | Reached skill level 1 in Hexes
   760 | D:2      | Reached skill level 1 in Summonings
   760 | D:2      | Reached skill level 1 in Necromancy
   760 | D:2      | Reached skill level 1 in Translocations
   760 | D:2      | Reached skill level 1 in Transmutations
   760 | D:2      | Reached skill level 1 in Fire Magic
   760 | D:2      | Reached skill level 1 in Ice Magic
   760 | D:2      | Reached skill level 1 in Air Magic
   760 | D:2      | Reached skill level 1 in Earth Magic
   760 | D:2      | Reached skill level 1 in Poison Magic
   806 | D:2      | Noticed Sigmund
   957 | D:2      | Found a faded altar of an unknown god.
  1367 | D:3      | Reached XP level 5. HP: 19/43 MP: 12/12
  1780 | D:3      | Noticed Ijyb
  1799 | D:3      | Killed Ijyb
  1977 | D:3      | Found an iron altar of Okawaru.
  1980 | D:3      | Found a radiant altar of Vehumet.
  1983 | D:3      | Found a hazy altar of Hepliaklqana.
  1986 | D:3      | Found a broken altar of Ashenzari.
  1992 | D:3      | Became a worshipper of Ashenzari the Shackled
  2614 | D:2      | Found a runed translucent door.
  2615 | D:2      | Noticed Crazy Yiuf
  2677 | D:2      | Mangled by Crazy Yiuf

Illustrated notes

Levels and vault maps discovered:
D:1:      dpeg_arrival_caged_fury, layout_rooms, moated_statue
D:2:      layout_basic, hellmonk_ecumenical_altar_heavens_door, uniq_sigmund,
          uniq_crazy_yiuf_cottage, uniq_natasha
D:3:      kennysheep_goblin_castle, layout_basic,
          grunt_temple_overflow_cloverleaf

Skill      XL: |  1  2  3  4 |
---------------+-------------+-----
Spellcasting   | 5 |  5.2
Invocations    | 1 |  1.8
Short Blades   | 1 |  1.6
Axes           | 1 |  1.6
Maces & Flails | 1 |  1.6
Polearms       | 1 |  1.6
Staves         | 1 |  1.6
Ranged Weapons | 1 |  1.6
Throwing       | 1 |  1.6
Armour         | 1 |  1.6
Stealth        | 1 |  1.6
Shields        | 1 |  1.6
Unarmed Combat | 1 |  1.6
Evocations     | 1 |  1.6
Hexes          | 1 |  1.3
Summonings     | 1 |  1.3
Necromancy     | 1 |  1.3
Translocations | 1 |  1.3
Transmutations | 1 |  1.3
Fire Magic     | 1 |  1.3
Ice Magic      | 1 |  1.3
Air Magic      | 1 |  1.3
Earth Magic    | 1 |  1.3
Poison Magic   | 1 |  1.3
Fighting       | |  4.8
Long Blades    | |  6.7
Dodging        | |  4.8
Conjurations   | |  5.6

Action                     |  1- 3 |  4- 6 || total
---------------------------+-------+-------++-------
  Melee: Falchion          |    92 |   170 ||   262
         Bite              |     6 |    17 ||    23
         Punch             |       |     1 ||     1
         Dagger            |       |     4 ||     4
   Stab: Sleeping          |       |     1 ||     1
 Armour: Leather armour    |    19 |    34 ||    53
  Dodge: Dodged            |    59 |   104 ||   163

Table legend: (Time is in decaauts)
 A = Elapsed time spent in this place.
 B = Non-inter-level travel time spent in this place.
 C = Inter-level travel time spent in this place.
 D = Time resting spent in this place.
 E = Time spent auto-exploring this place.
 F = Levels seen in this place.
 G = Mean time per level.
                   A        B        C        D        E       F      G
               +--------+--------+--------+--------+--------+-----+--------+
         Total |   2668 |   2395 |    273 |    406 |   1451 |   3 |  889.3 |
       Dungeon |   2668 |   2395 |    273 |    406 |   1451 |   3 |  889.3 |
               +--------+--------+--------+--------+--------+-----+--------+

Top non-repeatable levels by time:
     D:3: 1291 daAuts
     D:1: 914 daAuts
     D:2: 461 daAuts
